 Dungeon Crawl Stone Soup version 0.30-a0-777-ga9a30cbeda (webtiles) character file.

Game seed: 2421857891092002220

4 Esekla the Sneak (level 1, -1/11 HPs)
             Began as a Vine Stalker Delver on Feb 14, 2023.
             Killed by nerve-wracking pain
             ... invoked by an orc priest
              (12 damage)
             ... on level 5 of the Dungeon.
             The game lasted 00:02:09 (105 turns).

Esekla the Sneak (Vine Stalker Delver)               Turns: 105, Time: 00:02:09

Health: -1/11      AC:  8    Str: 17    XL:     1   Next: 60%
Magic:  0/2        EV: 11    Int: 13    God:
Gold:   11         SH:  0    Dex: 15    Spells: 0/0 levels left

rFire   . . .      SeeInvis .    a - +0 falchion
rCold   . . .      Faith    .    (no shield)
rNeg    . . .      Spirit   +    h - +5 leather armour "Cissat" {Rampage rElec Str+3 Int+3 Stlth-}
rPois   .          Reflect  .    (no helmet)
rElec   +          Harm     .    (no cloak)
rCorr   .          Rampage  +    (no gloves)
Will    .....                    (no boots)
Stlth   ++                       (no amulet)
HPRegen 0.21/turn                (no ring)
MPRegen 0.08/turn                (no ring)

@: no status effects
A: fangs 2, magic shield, antimagic bite, no potion heal 2
a: no special abilities


You were on level 5 of the Dungeon.
You visited 1 branch of the dungeon, and saw 1 of its levels.

You collected 11 gold pieces.

Inventory:

Hand Weapons
 a - a +0 falchion (weapon)
Armour
 h - the +5 leather armour "Cissat" (worn) {Rampage rElec Str+3 Int+3 Stlth-}
   (You found it on level 5 of the Dungeon)

   Str:       It affects your strength (+3).
   Int:       It affects your intelligence (+3).
   rElec:     It insulates you from electricity.
   Rampage:   It bestows one free step when moving towards enemies.
   Stlth:     It makes you less stealthy.
Wands
 g - a wand of digging (3)
Scrolls
 c - a scroll of fog
 d - a scroll of blinking {unknown}
 e - a scroll of fear
Potions
 f - a potion of haste


   Skills:
 * Level 2.7 Fighting
 * Level 1.8 Long Blades
 + Level 1.5 Dodging
 + Level 6.1 Stealth
 * Level 0.2 Spellcasting


You couldn't memorise any spells.
You didn't know any spells.
Your spell library was empty.

Dungeon Overview and Level Annotations

Branches:
Dungeon (5/15)             Temple (0/1) D:5

Altars:

Annotations:
D:5 Grinder


Innate Abilities, Weirdness & Mutations

You have extremely sharp teeth.
When hurt, damage is shared between your health and your magic reserves.
Your bite disrupts and absorbs the magic of your enemies.
Potions cannot restore your health.


Message History

You start removing your armour.
You continue taking off your +0 leather armour. x4
You finish taking off your +0 leather armour.
You start putting on your armour.
You continue putting on the +5 leather armour "Cissat" {Rampage rElec Str+3 Int+3 Stlth-}.
Keep equipping yourself?
You continue putting on the +5 leather armour "Cissat" {Rampage rElec Str+3 Int+3 Stlth-}. x4
You finish putting on the +5 leather armour "Cissat" {Rampage rElec Str+3 Int+3 Stlth-}.
You feel stronger.
You feel clever.
You feel ready to rampage towards enemies.
An orc comes into view. It is wielding a +0 club.
You drop a +0 leather armour.
You hear the slow rusting of a very distant drain.
You hit the orc.
You kill the orc!
Grinder comes into view.
You see here a +0 leather armour.
You see here a +0 club.
An orc priest comes into view. It is wielding a +0 dagger.
You hit the orc but do no damage. You bite the orc. You drain its power.
The orc is moderately wounded.
The orc misses you.
You slash the orc!
You kill the orc!
You start waiting.
You hear the slow rusting of a very distant drain.
You start waiting.
An orc priest is nearby!
You rampage towards the orc priest!
The orc priest shouts!
You hit the orc priest.
The orc priest is lightly wounded.
The orc priest hits you but does no damage.
You completely miss the orc priest.
The orc priest is lightly wounded.
The orc priest closely misses you.
The orc priest invokes the aid of Beogh against you.
Pain shoots through your body!
Ouch! That really hurt!
You die...

*,* #.# #.# *,* #.#
#.# *,* #.#** #.#
**,* #..,* #.# ,,,*
###,#####.# ****
*,#.....# *,#<#####
*,#.############
*,#...o@.......#
*,####.#######.######
******* *,*#..S.#
#.....)[..# ,,,,,,*
*,*#.##.#*#.##.####.#
*****,*
*,*#................#
*,*
*,*#.##.##o#..##.#..#
*,*
*,*#..,S..,#....,#..#
*,*
*,*#.#*.#....##,,..##
*,*
*,*#..,.#,##.,,,##.*


You could see an orc priest and an adder (wandering).

Vanquished Creatures
  2 orcs (D:5)
2 creatures vanquished.

Notes
Turn   | Place    | Note
-------+----------+-------------------------------------------
     0 | D:5      | Esekla the Vine Stalker Delver began the quest for the Orb.
     0 | D:5      | Reached XP level 1. HP: 11/11 MP: 2/2
    34 | D:5      | Identified the +5 leather armour "Cissat" {Rampage rElec
                  | Str+3 Int+3 Stlth-}
    54 | D:5      | Noticed Grinder
    67 | D:5      | Noticed an orc priest
   105 | D:5      | Killed from afar by an orc priest

Illustrated notes

Levels and vault maps discovered:
D:5:      layout_loops_ring, minmay_temple_entry_ruins, portal_sewer_entry_e,
          minmay_misc_feat_cross, uniq_grinder

Action                     || total
---------------------------++-------
  Melee: Falchion          ||     5
         Bite              ||     1
    Use: Scroll            ||     1
 Armour: Leather armour    ||     1
  Dodge: Dodged            ||     2

Table legend: (Time is in decaauts)
 A = Elapsed time spent in this place.
 B = Non-inter-level travel time spent in this place.
 C = Inter-level travel time spent in this place.
 D = Time resting spent in this place.
 E = Time spent auto-exploring this place.
 F = Levels seen in this place.
 G = Mean time per level.
                   A        B        C        D        E       F      G
               +--------+--------+--------+--------+--------+-----+--------+
         Total |    105 |    105 |      0 |     27 |      0 |   1 |  105.0 |
       Dungeon |    105 |    105 |      0 |     27 |      0 |   1 |  105.0 |
               +--------+--------+--------+--------+--------+-----+--------+

Top non-repeatable levels by time:
     D:5: 105 daAuts
